 Dungeon Crawl Stone Soup version 0.22.1-1-ga44c0e5 (webtiles) character file.

14282 teukkam the Fighter (level 11, -4/105 HPs)
             Began as a Minotaur Berserker on Oct 26, 2018.
             Was a High Priest of Trog.
             Slain by a seven-headed hydra (8 damage)
             ... on level 2 of the Lair of Beasts on Oct 30, 2018.
             The game lasted 01:01:03 (11747 turns).

teukkam the Fighter (Minotaur Berserker)           Turns: 11747, Time: 01:01:04

Health: -4/105     AC:  8    Str: 22 (25) XL:     11   Next: 86%
Magic:  13/13      EV: 11    Int:  3 (4)  God:    Trog [*****.]
Gold:   503        SH:  0    Dex:  9 (10) Spells: 10/10 levels left

rFire    . . .     SeeInvis .   c - +2 scimitar (flame)
rCold    + . .     Gourm    .   (no shield)
rNeg     + . .     Faith    .   Y - +2 ring mail {rC+}
rPois    +         Spirit   .   u - +0 hat
rElec    .         Reflect  .   W - scarf {repulsion}
rCorr    .         Harm     .   (no gloves)
MR       .....                  r - +0 pair of boots
Stlth    ..........             j - amulet of magic regeneration
HPRegen  0.27/turn              p - ring of positive energy
MPRegen  0.38/turn              Z - ring of poison resistance

@: repel missiles
A: retaliatory headbutt, horns 2
a: Berserk, Trog's Hand, Brothers in Arms, Renounce Religion


You were on level 2 of the Lair of Beasts.
You worshipped Trog.
Trog was extremely pleased with you.
You were not hungry.

You visited 2 branches of the dungeon, and saw 13 of its levels.
You also visited: Sewer and Ossuary.

You collected 503 gold pieces.

Inventory:

Hand Weapons
 a - the +8 quarterstaff of the Equator {speed, SInv}
   (You found it on level 8 of the Dungeon)

   Attacks with this weapon are significantly faster.
   It lets you see invisible.
 b - a +0 shortbow
 c - a +2 scimitar of flaming (weapon)
 C - a +0 falchion
 D - a +1 flail of draining
 O - the +6 dagger of the Dead {freeze, rC++ Dex+4}
   (Trog gifted it to you on level 10 of the Dungeon)

   It has been specially enchanted to freeze those struck by it, causing extra
   injury to most foes and up to half again as much damage against particularly
   susceptible opponents.
   It can also slow down cold-blooded creatures.
   It affects your dexterity (+4).
   It greatly protects you from cold.
 R - a +2 battleaxe
 X - a +4 flail of protection
Missiles
 f - 190 arrows
 l - 114 sling bullets
 y - 27 bolts
 A - 26 poisoned needles
 J - a throwing net
 L - 3 needles of paralysis
 Q - 9 tomahawks (quivered)
Armour
 r - a +0 pair of boots (worn)
 u - a +0 hat (worn)
 x - a +4 ring mail
 W - a scarf of repulsion (worn)
 Y - a +2 ring mail of cold resistance (worn)
Magical Staves
 M - an uncursed staff of poison
Jewellery
 i - an uncursed ring of magical power
 j - an amulet of magic regeneration (around neck)
 p - a ring of positive energy (left hand)
 Z - a ring of poison resistance (right hand)
Wands
 h - a wand of disintegration (10)
 F - a wand of paralysis (10)
 K - a wand of polymorph (7)
 P - a wand of iceblast (8)
Scrolls
 g - 2 scrolls of teleportation
 k - 7 scrolls of identify
 B - 4 scrolls of remove curse
 E - a scroll of fear
 I - a scroll of immolation
 N - 2 scrolls of enchant weapon
Potions
 d - 3 potions of flight
 e - a potion of haste
 m - 3 potions of heal wounds
 n - 4 potions of curing
 o - a potion of brilliance
 q - 2 potions of mutation {unknown}
 v - 3 potions of agility {unknown}
 w - 3 potions of lignification {unknown}
 z - 3 potions of invisibility {unknown}
 G - 2 potions of cancellation {unknown}
 H - 2 potions of berserk rage
Miscellaneous
 s - 2 sacks of spiders
 S - a box of beasts
 T - a phial of floods
 U - a lightning rod (4/4)
Comestibles
 t - 8 rations


   Skills:
 + Level 12.7 Fighting
 - Level 11.6(12.8) Axes
 + Level 9.3(12.3) Maces & Flails
 + Level 6.3(8.7) Staves
 + Level 6.1 Bows
 - Level 5.5 Throwing
 - Level 2.4 Armour
 - Level 2.1 Dodging
 + Level 4.0 Evocations


You had 10 spell levels left.
You didn't know any spells.
Your spell library contained the following spells:

 Spells                   Type           Power        Failure   Level  Hunger
 Corona                   Hex            #......      69%         1    ##.....
 Flame Tongue             Conj/Fire      #....        69%         1    ##.....
 Slow                     Hex            #.......     83%         2    ###....
 Throw Flame              Conj/Fire      #.....       83%         2    ###....
 Conjure Flame            Conj/Fire      #.......     96%         3    ####...
 Inner Flame              Hex/Fire       #.......     96%         3    ####...
 Portal Projectile        Hex/Tloc       #.....       96%         3    ####...
 Cause Fear               Hex            #.........   100%        4    #####..
 Leda's Liquefaction      Hex/Erth       #.........   100%        4    #####..
 Sticky Flame             Conj/Fire      #.......     100%        4    #####..
 Fireball                 Conj/Fire      #.........   100%        5    ######.


Dungeon Overview and Level Annotations

Branches:
Dungeon (11/15)            Temple (0/1) D:4            Lair (2/6) D:11
  Swamp (0/4) Lair:2          Orc (0/2) D:10
  Snake: Lair:2-4    Spider: Lair:2-4

Altars:
Gozag
Makhleb
Okawaru
Ru
Sif Muna
The Shining One

Shops:
D:5 =

Annotations:
D:3 3 runed doors, Ymberto's ghost, amateur OpTm
D:6 2 runed doors, Terandir's ghost, novice MiFi


Innate Abilities, Weirdness & Mutations

You reflexively headbutt those who attack you in melee.
You have a pair of horns on your head.


Message History

The eight-headed hydra completely misses you.
The eight-headed hydra bites you! The eight-headed hydra bites you. x2
You hack one of the eight-headed hydra's heads off!
The flame cauterises the wound!
You hit the seven-headed hydra. You burn the seven-headed hydra.
The seven-headed hydra is moderately wounded.
The seven-headed hydra bites you but does no damage.
The seven-headed hydra bites you!
* * * LOW HITPOINT WARNING * * *
The seven-headed hydra bites you.
* * * LOW HITPOINT WARNING * * *
The seven-headed hydra bites you!
* * * LOW HITPOINT WARNING * * *
The seven-headed hydra barely misses you.
The seven-headed hydra bites you!
* * * LOW HITPOINT WARNING * * *
The seven-headed hydra bites you.
* * * LOW HITPOINT WARNING * * *
The seven-headed hydra bites you!
You die...

####P........P.. #.
#.......#...P... ###.P
##....†####...... ....P
#...†...#.#..P.##
.....###.......#...#...
.......#...##....##! #.
......#...##P....# #.
....(.P....##....# ..
....P.....###.>.@#
....##.....###...D....#
..# ##....#P....#....#
# ##.#.##.#......#..
#....##...#...#.#
#........##.... ..
#........# ..PP. .
#.......## #.##..
#......###.P...


You could see a seven-headed hydra.

Vanquished Creatures
  A hydra (Lair:1)
  Erica (D:10)
  A centaur warrior (D:8)
  2 death yaks (D:11)
  An unseen horror (D:10)
  An ugly thing (D:9)
  A spiny frog (shapeshifter) (D:8)
  2 gargoyles
  2 spiny frogs (Lair:2)
  A komodo dragon (Lair:1)
  A troll (D:10)
  5 hippogriffs
  A vampire (D:10)
  6 yaks
  3 hungry ghosts
  Edmund (D:4)
  A two-headed ogre zombie (D:10)
  2 insubstantial wisps (Lair:2)
  4 orc warriors
  5 phantoms
  A sky beast (D:7)
  A necrophage (D:11)
  3 ice beasts
  2 black bears
  An eye of draining (D:9)
  4 ogres
  2 centaurs
  A crocodile (D:10)
  A big kobold (D:10)
  4 elf zombies (Ossuary)
  7 bullfrogs
  A wyvern skeleton (D:11)
  3 wights (D:8)
  A scorpion (D:9)
  A troll zombie (D:10)
  6 killer bees (D:8)
  4 howler monkeys
  5 crimson imps
  4 centaur zombies
  3 hounds
  5 human zombies (Ossuary)
  2 quasits
  6 orc priests
  A gnoll shaman (D:5)
  4 jellies
  2 bullfrog skeletons
  6 orc wizards
  2 centaur skeletons (D:10)
  3 iguanas
  9 worker ants
  A killer bee zombie (D:9)
  6 ogre zombies (D:10)
  3 mummies (Ossuary)
  2 howler monkey zombies
  2 worker ant zombies
  7 gnolls
  7 adders
  6 shadow imps
  An adder zombie (D:7)
  2 adder skeletons
  3 worms
  A dart slug (D:2)
  9 leopard geckos
  41 orcs
  12 giant cockroaches
  3 goblins
  4 hobgoblins
  11 jackals
  8 kobolds
  A quokka (D:4)
  2 ball pythons
  9 bats
  15 frilled lizards
  2 goblin skeletons (D:10)
  2 goblin zombies (D:10)
  2 hobgoblin skeletons (D:10)
  2 hobgoblin zombies (D:10)
  2 orc skeletons (D:10)
  15 orc zombies (D:10)
  8 rats
  A fungus (Lair:2)
327 creatures vanquished.

Vanquished Creatures (others)
  A fungus (Lair:2)
1 creature vanquished.

Grand Total: 328 creatures vanquished

Notes
Turn   | Place    | Note
-------+----------+-------------------------------------------
     0 | D:1      | teukkam the Minotaur Berserker began the quest for the Orb.
     0 | D:1      | Reached XP level 1. HP: 19/19 MP: 0/0
   150 | D:1      | Reached skill level 4 in Fighting
   152 | D:1      | Reached XP level 2. HP: 27/27 MP: 1/1
   732 | D:1      | Reached ** piety under Trog
  1227 | D:2      | Reached XP level 3. HP: 34/34 MP: 2/2
  1686 | D:3      | Found a runed gate.
  1687 | D:3      | Found a runed gate.
  1689 | D:3      | Found a runed gate.
  1689 | D:3      | Noticed Ymberto's ghost (amateur OpTm)
  1707 | D:3      | Reached XP level 4. HP: 41/41 MP: 3/3
  1729 | D:3      | Reached skill level 5 in Fighting
  1738 | D:3      | Reached skill level 5 in Axes
  1744 | D:3      | Found a glowing drain.
  1782 | Sewer    | Entered a sewer
  2218 | Sewer    | Reached *** piety under Trog
  2226 | Sewer    | Reached XP level 5. HP: 37/48 MP: 4/4
  2411 | Sewer    | Reached skill level 6 in Fighting
  2411 | Sewer    | Reached XP level 6. HP: 45/57 MP: 5/5
  2763 | D:4      | Found an opulent altar of Gozag.
  2858 | D:4      | Reached skill level 7 in Fighting
  3010 | D:4      | Reached XP level 7. HP: 66/66 MP: 6/6
  3025 | D:4      | Noticed Edmund
  3040 | D:4      | Killed Edmund
  3305 | D:4      | Reached skill level 8 in Fighting
  3408 | D:4      | Found a staircase to the Ecumenical Temple.
  3559 | D:5      | Entered Level 5 of the Dungeon
  3614 | D:5      | Found a burning altar of Makhleb.
  3873 | D:5      | Found Gennu's Jewellery Shop.
  3881 | D:5      | Reached XP level 8. HP: 75/75 MP: 7/7
  4227 | D:5      | Found an iron altar of Okawaru.
  4441 | D:6      | Found a runed door.
  4445 | D:6      | Reached skill level 9 in Fighting
  4450 | D:6      | Noticed Terandir's ghost (novice MiFi)
  4468 | D:6      | Reached **** piety under Trog
  4802 | D:6      | Found a runed door.
  5074 | D:7      | Reached skill level 1 in Maces & Flails
  5235 | D:7      | Found a sand-covered staircase.
  5432 | Ossuary  | Entered an ossuary
  5480 | Ossuary  | Reached skill level 1 in Throwing
  5636 | Ossuary  | Reached skill level 10 in Fighting
  5636 | Ossuary  | Reached skill level 10 in Axes
  5638 | Ossuary  | Reached XP level 9. HP: 83/85 MP: 8/8
  5957 | D:7      | Found a sacrificial altar of Ru.
  6421 | D:7      | Found a deep blue altar of Sif Muna.
  6516 | D:8      | Reached skill level 5 in Maces & Flails
  6701 | D:8      | Received a gift from Trog
  6712 | D:8      | Found a glowing golden altar of the Shining One.
  6802 | D:8      | Reached ***** piety under Trog
  6811 | D:8      | Reached skill level 11 in Fighting
  7129 | D:8      | Reached XP level 10. HP: 75/95 MP: 9/9
  7420 | D:8      | Noticed a spiny frog
  7428 | D:8      | Killed a spiny frog
  7428 | D:8      | Reached skill level 1 in Bows
  7660 | D:8      | Noticed a centaur warrior
  7666 | D:8      | Killed a centaur warrior
  7666 | D:8      | Reached skill level 5 in Throwing
  7670 | D:8      | Got a polished quarterstaff
  7695 | D:8      | Identified the +8 quarterstaff of the Equator {speed, SInv}
                  | (You found it on level 8 of the Dungeon)
  7742 | D:8      | Received a gift from Trog
  8001 | D:9      | Reached skill level 1 in Staves
  8013 | D:9      | Noticed a purple ugly thing
  8024 | D:9      | Killed a purple ugly thing
  8719 | D:10     | Entered Level 10 of the Dungeon
  8878 | D:10     | Noticed Erica
  8883 | D:10     | Killed Erica
  8883 | D:10     | Reached skill level 1 in Evocations
  8944 | D:10     | Found a staircase to the Orcish Mines.
  8965 | D:10     | Received a gift from Trog
  8967 | D:10     | Paralysed by fainting for 11 turns
  8982 | D:10     | Reached XP level 11. HP: 83/104 MP: 11/11
  9121 | D:10     | Received a gift from Trog
  9127 | D:10     | Got a shimmering dagger {god gift}
  9128 | D:10     | Identified the +6 dagger of the Dead {freeze, rC++ Dex+4}
                  | (Trog gifted it to you on level 10 of the Dungeon)
  9191 | D:10     | Reached skill level 12 in Fighting
  9834 | D:10     | Noticed an unseen horror
  9855 | D:10     | Killed an unseen horror
 10212 | D:11     | Reached skill level 5 in Bows
 10403 | D:11     | Reached skill level 5 in Staves
 10441 | D:11     | Noticed a death yak
 10441 | D:11     | Noticed a death yak
 10441 | D:11     | Noticed a death yak
 10452 | D:11     | Noticed a death yak
 10454 | D:11     | Noticed a death yak
 10455 | D:11     | Killed a death yak
 10456 | D:11     | Noticed a death yak
 10462 | D:11     | Killed a death yak
 10649 | D:11     | Found a staircase to the Lair.
 10681 | Lair:1   | Entered Level 1 of the Lair of Beasts
 10937 | Lair:1   | Noticed a five-headed hydra
 10944 | Lair:1   | Killed a one-headed hydra
 11464 | Lair:2   | Found a staircase to the Swamp.
 11742 | Lair:2   | Noticed an eight-headed hydra
 11747 | Lair:2   | HP: 4/105 [seven-headed hydra (4)]
 11747 | Lair:2   | Slain by a seven-headed hydra

Skill      XL: |  1  2  3  4  5  6  7  8  9 10 11 |
---------------+----------------------------------+-----
Fighting       | 4 5 6 7 8 10 11 12 | 12.7
Axes           | 4 5 6 7 8 10 11 | 11.6
Maces & Flails | 3 6 7 9 |  9.3
Throwing       | 2 4 5 |  5.5
Bows           | 4 6 |  6.1
Staves         | 3 6 |  6.3
Evocations     | 1 4 |  4.0
Armour         | |  2.4
Dodging        | |  2.1

Action                   |  1- 3 |  4- 6 |  7- 9 | 10-12 || total
-------------------------+-------+-------+-------+-------++-------
Melee: Hand axe          |    91 |   136 |   284 |       ||   511
       Headbutt          |    14 |    20 |    80 |    79 ||   193
       Flail             |       |       |    29 |       ||    29
       Battleaxe         |       |       |    35 |    26 ||    61
       Falchion          |       |       |     1 |       ||     1
       Quarterstaff      |       |       |       |   244 ||   244
       Scimitar          |       |       |       |    36 ||    36
 Fire: Shortbow          |       |       |       |    65 ||    65
Throw: Tomahawk          |       |       |    20 |    20 ||    40
       Throwing net      |       |       |     1 |       ||     1
Invok: Berserk           |     1 |     2 |     9 |     6 ||    18
Evoke: Wand              |       |       |     1 |     5 ||     6
  Use: Scroll            |     4 |     1 |     3 |     7 ||    15
       Potion            |       |     1 |       |     7 ||     8
 Stab: Sleeping          |     1 |       |       |       ||     1
       Paralysed         |       |       |       |     3 ||     3
  Eat: Chunk             |     2 |     5 |    11 |     2 ||    20
       Ration            |       |     1 |     3 |     6 ||    10
Armor: Animal skin       |     9 |       |       |       ||     9
       Chain mail        |    48 |    63 |     5 |       ||   116
       Ring mail         |       |       |   137 |    79 ||   216
Dodge: Dodged            |    67 |    55 |   164 |   128 ||   414
       Deflected         |       |       |       |     6 ||     6
       Rpst.: Scimitar   |       |       |       |     7 ||     7
